Map: Autómata EE

Players

Spartan

  • Race: Zerg Zerg
  • League: Platinum
  • Spawn Location: 3:00

JustAStar - Winner!

  • Race: Zerg Zerg
  • League: Platinum
  • Spawn Location: 9:00

VOD

Have the link to the VOD?

Description

I don't remember this game but k.

Time

  • Played on: Dec. 30, 2018, 8:48 p.m.
  • Length: 14:52
Show
View Real Time Build Order
Export as new Build Order

Spartan Zerg 

Build Orders: Hatch First, Lurkers 

Get SALT Encoding   

  12  0:02  Drone  
  13  0:15  Overlord  
  13  0:26  Drone  
  14  0:37  Drone x2  
  16  0:56  Hatchery  
  15  1:03  Drone x2  
  17  1:09  Drone  
  18  1:20  Drone  
  18  1:24  Extractor  
  18  1:28  Drone  
  19  1:34  Spawning Pool  
  19  1:37  Drone  
  19  1:49  Drone  
  20  2:01  Overlord  
  20  2:21  Queen  
  22  2:23  Queen  
  22  2:26  Metabolic Boost  
  22  2:27  Zergling x6  
  22  2:28  Drone  
  28  2:38  Zergling x2  
  28  2:39  Spine Crawler  
  28  2:41  Zergling x2  
  29  2:52  Baneling Nest  
  29  2:54  Drone  
  29  2:55  Zergling x2  
  30  3:05  Zergling x4  
  32  3:17  Drone x3  
  35  3:33  Drone  
  36  3:35  Overlord  
  36  3:38  Overlord  
  36  3:48  Lair  
  36  3:55  Zergling x2  
  37  3:56  Baneling  
  37  3:57  Baneling x2  
  37  3:59  Zergling x8  
  37  4:01  Drone  
  41  4:06  Overlord  
  41  4:18  Baneling  
  41  4:19  Baneling  
  41  4:22  Queen  
  43  4:24  Zergling x4  
  43  4:25  Zergling x2  
  43  4:30  Drone  
  43  4:31  Drone  
  48  4:34  Zergling x2  
  49  4:53  Drone x3  
  52  5:08  Zergling x6  
  52  5:09  Drone  
  52  5:10  Drone x2  
  52  5:14  Baneling x2  
  58  5:19  Drone  
  58  5:21  Overlord x2  
  59  5:27  Roach Warren  
  58  5:38  Queen  
  60  5:43  Hatchery  
  59  5:50  Drone x3  
  62  6:05  Zergling x4  
  63  6:22  Drone x4  
  63  6:23  Roach  
  63  6:24  Glial Reconstitution, Roach x2  
  73  6:38  Centrifical Hooks  
  73  6:39  Extractor  
  72  6:42  Drone x4, Extractor  
  72  6:43  Extractor  
  73  7:04  Roach x4  
  81  7:17  Overlord  
  81  7:36  Evolution Chamber, Hydralisk Den  
  79  7:37  Drone  
  79  7:38  Evolution Chamber, Drone x2  
  79  7:40  Queen, Drone x2  
  85  7:58  Roach  
  85  7:59  Overlord, Roach  
  85  8:02  Overlord x4  
  85  8:04  Pneumatized Carapace  
  89  8:10  Overlord x2  
  89  8:29  Grooved Spines  
  89  8:30  Zerg Ground Armor Level 1  
  89  8:32  Drone x4  
  89  8:33  Drone  
  94  8:40  Drone x4  
  98  8:47  Roach x3  
  98  8:48  Roach x4  
  112  9:06  Drone x4  
  116  9:16  Overseer x2  
  116  9:17  Lurker Den  
  115  9:18  Overseer  
  115  9:28  Hydralisk x5  
  115  9:29  Hydralisk x2  
  129  9:32  Drone x3  
  129  9:33  Drone x3  
  129  9:34  Overlord x2  
  135  9:40  Muscular Augments  
  128  9:58  Baneling  
  128  9:59  Baneling x5  
  127  10:05  Zerg Missile Weapons Level 1  
  127  10:07  Hydralisk x3  
  127  10:09  Drone x3  
  127  10:10  Drone  
  127  10:13  Extractor x2  
  135  10:16  Hatchery  
  134  10:44  Drone x2  
  136  10:53  Lurker x3  
  136  10:54  Lurker x2  
  136  10:56  Zergling x10  
  146  11:30  Zerg Ground Armor Level 2  
  146  11:34  Hydralisk x7  
  146  11:35  Hydralisk x3  
  166  12:06  Infestation Pit  
  165  12:17  Hydralisk  
  165  12:20  Overlord x4  
  166  12:57  Baneling x3  
  166  12:58  Baneling x5  
  166  13:00  Hydralisk  
  166  13:01  Hydralisk x4  
  166  13:04  Drone x5  
  166  13:05  Drone x4  
  185  13:12  Spire, Hive  
  123  13:59  Hydralisk x3  
  123  14:00  Hydralisk x7  
  123  14:01  Roach x6, Hydralisk x7  
  123  14:02  Roach x7, Hydralisk x2  
  187  14:03  Roach  
Show
View Real Time Build Order
Export as new Build Order

JustAStar Zerg - Winner!

Build Orders: Hatch First, Lurkers 

Get SALT Encoding   

  12  0:01  Drone  
  13  0:12  Overlord  
  13  0:25  Drone  
  14  0:31  Drone x2  
  16  0:37  Drone  
  17  0:55  Hatchery  
  16  0:58  Drone  
  16  1:03  Drone  
  18  1:11  Extractor  
  17  1:17  Spawning Pool  
  16  1:20  Drone  
  16  1:23  Drone  
  18  1:30  Drone  
  19  1:52  Drone  
  19  1:53  Overlord  
  20  2:05  Queen  
  20  2:07  Queen  
  20  2:08  Zergling x4  
  26  2:16  Metabolic Boost  
  26  2:20  Zergling x4  
  28  2:25  Drone  
  29  2:30  Drone  
  30  2:42  Overlord  
  31  2:51  Drone x3  
  31  2:53  Queen  
  31  2:57  Lair  
  35  3:00  Drone  
  36  3:12  Drone x3  
  39  3:19  Roach Warren  
  38  3:21  Drone  
  39  3:36  Drone x4  
  43  3:47  Overlord  
  43  3:49  Overlord  
  43  3:59  Drone  
  44  4:03  Overlord  
  44  4:04  Overlord x2  
  44  4:16  Evolution Chamber  
  44  4:17  Evolution Chamber  
  42  4:21  Hydralisk Den  
  41  4:26  Roach  
  41  4:27  Roach x4  
  41  4:30  Spine Crawler  
  50  4:32  Spine Crawler  
  50  4:36  Drone x3  
  50  4:37  Drone x2  
  54  4:50  Overlord  
  54  4:53  Queen  
  54  4:55  Drone  
  54  4:57  Glial Reconstitution  
  57  5:14  Overlord  
  57  5:15  Overlord  
  57  5:16  Overlord  
  57  5:30  Roach x4  
  57  5:31  Drone x4  
  57  5:32  Drone x2  
  71  5:42  Drone x2  
  72  5:50  Drone x2  
  73  5:58  Drone x2  
  73  5:59  Drone x2  
  76  6:15  Drone x5  
  80  6:18  Extractor  
  80  6:20  Extractor  
  78  6:27  Lurker Den  
  78  6:28  Extractor  
  76  6:34  Drone  
  76  6:35  Drone x7  
  84  6:57  Spore Crawler  
  84  6:58  Spore Crawler  
  84  7:00  Zerg Missile Weapons Level 1  
  82  7:11  Zerg Ground Armor Level 1  
  82  7:12  Overlord  
  82  7:13  Overlord x2  
  82  7:14  Overlord x2  
  82  7:15  Overlord x2  
  82  7:16  Overlord  
  82  7:17  Overlord  
  82  7:34  Hydralisk x5  
  92  7:44  Extractor  
  91  7:46  Hatchery  
  91  7:49  Extractor  
  89  7:52  Drone x6  
  89  7:56  Hydralisk  
  89  7:57  Hydralisk  
  99  8:11  Drone x7  
  106  8:13  Lurker  
  106  8:14  Lurker x2  
  109  8:27  Overlord  
  109  8:39  Hydralisk x5  
  109  8:40  Hydralisk  
  121  8:49  Overseer  
  121  8:52  Pneumatized Carapace  
  121  9:05  Drone x4, Hydralisk  
  121  9:06  Hydralisk x2  
  121  9:07  Queen  
  133  9:11  Spore Crawler  
  133  9:13  Spore Crawler  
  133  9:15  Hatchery  
  130  9:22  Hydralisk x2  
  130  9:23  Hydralisk x4  
  142  9:25  Hatchery  
  131  9:54  Lurker x5  
  131  9:57  Zergling x18  
  131  9:58  Zergling x6  
  140  10:06  Infestation Pit  
  139  10:14  Zerg Ground Armor Level 2  
  139  10:40  Hydralisk x4  
  139  10:41  Hydralisk x4  
  139  10:42  Drone  
  156  10:43  Drone x7  
  156  10:46  Extractor x2  
  161  11:00  Zerg Missile Weapons Level 2  
  161  11:01  Hydralisk  
  161  11:02  Hydralisk  
  161  11:03  Overlord  
  165  11:04  Overlord x2  
  165  11:05  Overlord x2  
  165  11:06  Overlord x2  
  165  11:07  Overlord  
  165  11:11  Hive  
  165  11:24  Hydralisk x6  
  177  11:29  Drone x3  
  177  11:30  Queen, Drone x3  
  185  11:41  Drone x6  
  191  11:53  Hydralisk  
  191  11:54  Hydralisk x2  
  191  11:56  Lurker  
  191  11:57  Lurker x2  
  200  12:08  Overseer x2, Hatchery  
  199  12:19  Lair x3  
  199  12:21  Overlord x2  
  193  12:55  Overlord  
  193  12:56  Overlord x2  
  193  13:11  Adaptive Talons  
  193  13:15  Adrenal Glands  
  193  13:18  Grooved Spines  
  193  13:20  Overseer  
  155  13:42  Lurker x2  
  155  13:43  Lurker x4  
  155  13:44  Lurker  
  155  13:46  Zergling x2  
  155  13:47  Zergling x46  
  168  14:01  Zergling x12  
  168  14:02  Drone  
  172  14:08  Baneling Nest  
  172  14:09  Ultralisk Cavern  
  170  14:12  Evolution Chamber  
  169  14:22  Overseer  
Tags
 
Add a new tag
Caveats
  • Supply blocks, unpowered buildings, or Contaminate may cause inaccurate times.
  • Supply counts are checked every 10 seconds.